[Event "Early-Titled-Tuesday-Blitz-January-30-2024"]
[Site "Chess.com"]
[Date "2024.01.30"]
[Round "6"]
[White "GaiozNigalidze"]
[Black "TigrVShlyape"]
[Result "0-1"]
[WhiteElo "2714"]
[BlackElo "2931"]
[TimeControl "180+1"]
[EndTime "9:09:55 PST"]
[Termination "TigrVShlyape won by resignation"]

1. d4 f5 2. Nc3 Nf6 3. Bg5 d5 4.
Bxf6 exf6 5. e3 Be6 6. Bd3 Nc6 7. a3 Qd7 8. h3 g6 9. b4 Ne7 10. Nge2 h5 11. h4 Bh6 12. g3 Nc8 13. Nf4 Bf7 14.
Qf3 c6 15. Na4 b6 16. Nc3 Nd6 17. b5 Bxf4 18. gxf4 Nxb5 19. Nxb5 cxb5 20. Rb1 a6 21. a4 O-O 22. axb5 a5 23. O-O Rfc8 24. Rb3 Ra7 25.
Ra3 Rac7 26. Rfa1 Rc3 27. Qd1 Qd6 28. Qc1 Kg7 29. Rxc3 Rxc3 30. Qb2 Rc8 31. Kg2 Be6 32. Qa3 Qc7 33. Rb1 Kf7 34. Ra1 Rg8 35. Kf3 g5 36.
hxg5 fxg5 37. fxg5 Rxg5 38. Ke2 f4 39. Rf1 Bh3 40.
Rh1 Bg4+ 41. Kd2 Rg8 42. Kc1 Rf8 43. Kb2 Qe7 44. Qc3 fxe3 45. fxe3 Kg7 46. Bf1 Re8 47. Bh3 Qxe3 48. Qc7+ Re7 49. Qxb6 Bxh3 50. Qd6 Bg4 51.
Qc5 Qe4 52. Rf1 h4 53. b6 h3 54. Qc6 Qe6 55. Qc5 Rb7 56. Rg1 Qxb6+ 57. Qxb6 Rxb6+ 58. Ka3 Rg6 59. Rh1 Kf6 60. Rh2 Kf5 61. Ka4 Ke4 62.
Kxa5 Kxd4 63. Kb4 Ke3 64. Kc5 d4 65. Kc4 Rh6 66. c3 d3 67. Kb4 d2 68. Rxh3+ Rxh3 0-1

[Event "Early-Titled-Tuesday-Blitz-January-30-2024"]
[Site "Chess.com"]
[Date "2024.01.30"]
[Round "6"]
[White "Grossboss19"]
[Black "monomita"]
[Result "1-0"]
[WhiteElo "2613"]
[BlackElo "2764"]
[TimeControl "180+1"]
[EndTime "9:09:55 PST"]
[Termination "Grossboss19 won by checkmate"]

1. d4 Nf6 2. c4 e6 3. Nc3 d5 4.
cxd5 exd5 5. Bg5 Be7 6. e3 O-O 7. Bd3 h6 8. Bh4 b6 9. Nf3 Bb7 10. O-O Nbd7 11. Rc1 c5 12. dxc5 bxc5 13. Bb1 Nb6 14.
b3 Rc8 15. Qd3 Ne4 16. Bxe7 Qxe7 17. Rfd1 Rfd8 18. Qe2 Nxc3 19. Rxc3 d4 20. Rcc1 dxe3 21. Rxd8+ Rxd8 22. Qxe3 Qxe3 23. fxe3 g5 24. h3 Bxf3 25. gxf3 Rd2 26. Be4 Nd7 27. Rc2 Rxc2 28. Bxc2 Kg7 29. f4 Nf6 30. Kf2 Nd5 31. Kf3 Kf6 32. a3 Nc3 33.
Bd3 a5 34. e4 Ke7 35. fxg5 hxg5 36. Ke3 Kd6 37. Kd2 Na2 38. Bb1 Ke5 39. Bxa2 Kxe4 40. Bb1+ Kf4 41. Bd3 f5 42. Ke2 g4 43. hxg4 fxg4 44.
Ba6 Ke4 45. Kd2 Kd4 46. Be2 g3 47. Bf1 a4 48. bxa4 c4 49. Kc2 Kc5 50. Kc3 Kb6 51.
Kxc4 Ka5 52. Kb3 Kb6 53. Bg2 Ka5 54. Bf3 Kb6 55. Kb4 Ka7 56. a5 Kb8 57. Kb5 Ka7 58.
a4 Kb8 59. Kb6 Kc8 60. a6 Kd7 61. a7 Kd6 62. a8=Q Ke5 63. Qe4+ Kd6 64. Qf4+ Ke7 65.
Qxg3 Ke6 66. Qg4+ Ke5 67. Qe4+ Kf6 68. Qf4+ Ke6 69. Bg4+ Kd5 70. Qf5+ Kd6 71. Qe6# 1-0

[Event "Early-Titled-Tuesday-Blitz-January-30-2024"]
[Site "Chess.com"]
[Date "2024.01.30"]
[Round "6"]
[White "carloseduar100"]
[Black "nindjaxx8"]
[Result "0-1"]
[WhiteElo "2278"]
[BlackElo "2589"]
[TimeControl "180+1"]
[EndTime "9:10:00 PST"]
[Termination "nindjaxx8 won by checkmate"]

1. d4 d5 2. c3 Nf6 3. Bg5 Bf5 4. Nf3 e6 5. Nbd2 Nbd7 6. g3 Be7 7. Bg2 O-O 8. O-O c5 9. a3 c4 10. Re1 Ne4 11.
Bxe7 Qxe7 12. Nxe4 Bxe4 13. Nd2 Bxg2 14. Kxg2 f5 15.
f3 Rf7 16. e4 fxe4 17. fxe4 Raf8 18. exd5 Rf2+ 19. Kg1 e5 20. Ne4 Rxb2 21. Re2 Rb6 22. Rf2 Rxf2 23. Nxf2 Rb2 24. Qf1 exd4 25. cxd4 Qe3 26.
Rd1 Nf6 27. d6 Ng4 28. Qxc4+ Kf8 29. Qc8+ Kf7 30. Qd7+ Kf6 31. Rf1 Nxf2 32. Qd8+ Kg6 33. Qe7 Nh3+ 34. Kh1 Qxe7 35. dxe7 Re2 36. d5 Rxe7 37.
Re1 Rd7 38. Re6+ Kf5 39. Re3 Ng5 40. Kg2 Rxd5 41. Rb3 Rd7 42. a4 h5 43. h4 Ne6 44.
a5 a6 45. Kh3 Nd4 46. Rb6 Nc6 47. Rb3 Nxa5 48. Rf3+ Kg6 49. g4 hxg4+ 50. Kxg4 Nc6 51. h5+ Kh7 52. Kh4 b5 53. Rf8 Rb7 54. Ra8 b4 55.
Rxa6 Ne5 56. Kg5 b3 57. h6 Nf7+ 58. Kh5 Nxh6 59. Ra1 b2 60. Rb1 Nf5 61. Kg4 Ne3+ 62. Kf3 Nc4 63. Ke2 Rb3 64. Rh1+ Kg8 65. Rb1 Na3 66. Rd1 b1=Q 67. Rd8+ Kh7 68. Kd2 Qc2+ 69. Ke1 Rb1+ 70. Rd1 Rxd1# 0-1

[Event "Early-Titled-Tuesday-Blitz-January-30-2024"]
[Site "Chess.com"]
[Date "2024.01.30"]
[Round "6"]
[White "amanjazu"]
[Black "yaguigor"]
[Result "1-0"]
[WhiteElo "2432"]
[BlackElo "2564"]
[TimeControl "180+1"]
[EndTime "9:10:03 PST"]
[Termination "amanjazu won by resignation"]

1. g3 d5 2. Bg2 c6 3. f4 g6 4. Nf3 Bg7 5. O-O Nh6 6. h3 Nf5 7. Kh2 h5 8. d3 d4 9. c3 c5 10. Qb3 Nc6 11. Ng5 O-O 12. Ne4 Be6 13. Qxb7 Bd5 14. c4 Rb8 15. Qa6 Nb4 16. Qa4 Bc6 17.
Qd1 Na6 18. b3 Ne3 19. Bxe3 dxe3 20. Nec3 Bxg2 21. Kxg2 e5 22. f5 e4 23. Qc1 exd3 24.
Qxe3 Nb4 25. exd3 Nc2 26. Qf2 Nxa1 27. f6 Bh6 28. Ne4 Qxd3 29. Nbc3 Nc2 30. Kh2 Nd4 31. g4 hxg4 32. hxg4 Ne6 33. Qh4 Qe3 34. Re1 Qf4+ 35. Kg2 Rfd8 36. Rf1 Rd2+ 37. Nxd2 Qxd2+ 38. Rf2 Bg5 39. Qh2 Qxc3 40. Qxb8+ Nf8 41. Qd6 Qd4 42. Qxd4 cxd4 43.
Rf1 Ne6 44. Rd1 Bxf6 45. Kf3 Kg7 46. Ke4 Bg5 47. Kd5 Nf4+ 48. Kxd4 Ne6+ 49. Kd5 Bf4 50. c5 g5 51. Kc6 Kf6 52. b4 Ke7 53. b5 Be5 54. a4 Nd4+ 55. Kd5 f6 56. Rxd4 Bxd4 57. Kxd4 Ke6 58. Ke4 Ke7 59. Kf5 Kf7 60. c6 Ke7 61. a5 Kd6 62. Kxf6 a6 63. b6 Kxc6 64. Kxg5 Kb7 65. Kf6 1-0

[Event "Early-Titled-Tuesday-Blitz-January-30-2024"]
[Site "Chess.com"]
[Date "2024.01.30"]
[Round "6"]
[White "DmitriiZakurdaev"]
[Black "Tunahan_Makaraci"]
[Result "1-0"]
[WhiteElo "2424"]
[BlackElo "2534"]
[TimeControl "180+1"]
[EndTime "9:10:09 PST"]
[Termination "DmitriiZakurdaev won on time"]

1. d4 d5 2. c4 e6 3. Nc3 c5 4.
cxd5 exd5 5. Nf3 Nc6 6. g3 Nf6 7. Bg2 cxd4 8. Nxd4 Bc5 9. Be3 Qb6 10. Na4 Qb4+ 11. Kf1 Bxd4 12. a3 Qe7 13. Bxd4 Nxd4 14.
Qxd4 O-O 15. Rd1 Re8 16. e3 Bg4 17. Rd2 Rac8 18. Nc3 Ne4 19. Rc2 Nxc3 20. Qxg4 Rc4 21. Qf5 g6 22. Qd3 Na4 23. Bxd5 Rxc2 24. Qxc2 Nb6 25.
Bf3 Rc8 26. Qb3 Qf6 27. Kg2 h5 28. h4 Rc7 29. Rd1 Kg7 30. a4 Nd7 31. Qa3 Ne5 32. Be4 Ng4 33. Bf3 Nxe3+ 34. fxe3 Rc2+ 35. Kh3 Qxf3 36. Qb4 Qg4+ 37. Qxg4 hxg4+ 38. Kxg4 Rxb2 39. Rd7 Rb4+ 40. Kf3 a6 41. a5 Rb5 42. g4 Rxa5 43.
Rxb7 Ra4 44. Ra7 a5 45. g5 Rxh4 46. Rxa5 Rh3+ 47. Kf4 Rh1 48. Ra7 Rf1+ 49. Kg4 Rf5 50. e4 Re5 51. Kf4 Rb5 52. e5 Rb4+ 53. Ke3 Rb3+ 54.
Kd4 Rb4+ 55. Kd5 Rb5+ 56. Kd6 Rb6+ 57. Kc5 Re6 58. Kd5 Re8 59. Rd7 Kf8 60. Kd6 Ra8 61. Rc7 Ra6+ 62. Kd7 Re6 63. Rc8+ Kg7 64. Rc5 Ra6 65.
Rb5 Ra1 66. Rb7 Rd1+ 67. Ke8 Rf1 68. e6 Rf4 69. Rxf7+ 1-0

[Event "Early-Titled-Tuesday-Blitz-January-30-2024"]
[Site "Chess.com"]
[Date "2024.01.30"]
[Round "6"]
[White "tacticthunder"]
[Black "Shield12"]
[Result "1/2-1/2"]
[WhiteElo "2807"]
[BlackElo "2999"]
[TimeControl "180+1"]
[EndTime "9:10:11 PST"]
[Termination "Game drawn - insufficient material"]

1. e4 c5 2. Nf3 e6 3. d4 cxd4 4. Nxd4 Nc6 5. Nc3 Qc7 6. Qd3 Nf6 7.
Ndb5 Qb8 8. Qg3 d6 9. Be3 a6 10.
Nd4 Ne5 11. f4 Ned7 12. a4 b6 13. Be2 Bb7 14. Bf3 Nc5 15. e5 dxe5 16. fxe5 Nfe4 17. Nxe4 Nxe4 18. Bxe4 Bxe4 19. O-O Qc7 20. c3 Rd8 21. h4 Rd5 22. Rae1 h5 23. Bf4 Bh7 24. Kh1 Qd7 25. Bg5 Bc5 26. Ne2 Rd3 27. Qh2 Bf5 28. Nf4 Rd2 29. b4 Be7 30. Qg3 Bg4 31. Bxe7 Qxe7 32.
Nh3 O-O 33. Ng5 Qd7 34. Ne4 Rd3 35. Qf4 Qd8 36. Nf6+ Kh8 37. Nxg4 hxg4 38. Qxg4 Rxc3 39. h5 Rd3 40. Re4 f5 41. exf6 Rxf6 42. Rxf6 Qxf6 43.
Rf4 Qe7 44. Kh2 Rd8 45. Re4 e5 46. Qf5 Rd4 47. Rxe5 Qh4+ 48. Qh3 Qf4+ 49. Qg3 Qxg3+ 50. Kxg3 Rxb4 51. a5 Rb3+ 52. Kh4 Rb4+ 53. g4 bxa5 54. Rxa5 Rb6 55. Rc5 Kh7 56. g5 Rb4+ 57. Kg3 Rb5 58. Rxb5 axb5 59. Kf4 Kg8 60. Ke4 Kf7 61. Kd5 b4 62.
Kc4 Ke6 63. Kxb4 Kf5 64. h6 gxh6 65. gxh6 Kg6 66. h7 Kxh7 1/2-1/2

[Event "Early-Titled-Tuesday-Blitz-January-30-2024"]
[Site "Chess.com"]
[Date "2024.01.30"]
[Round "6"]
[White "IwkooO"]
[Black "Zhigalko_Sergei"]
[Result "1-0"]
[WhiteElo "2658"]
[BlackElo "2931"]
[TimeControl "180+1"]
[EndTime "9:10:11 PST"]
[Termination "IwkooO won on time"]

1. e4 c5 2. Nf3 Nc6 3. Bb5 Nf6 4.
Nc3 Qc7 5. O-O Nd4 6. Bc4 e6 7. Re1 Ng4 8. g3 Nxf3+ 9. Qxf3 Ne5 10. Qe2 a6 11. a4 Be7 12. d3 O-O 13. Bf4 Bf6 14. a5 d6 15. Bb3 Nc6 16. Bc4 Rd8 17. Bd2 Bd7 18. Na4 Nd4 19. Qd1 d5 20. Bb3 dxe4 21. Nb6 Nf3+ 22. Kh1 Nxe1 23. Nxa8 Rxa8 24.
Bxe1 exd3 25. Qxd3 Rd8 26. Kg1 Bb5 27. Qf3 Bxb2 28. Rb1 Bf6 29. h4 h6 30. Bc3 Bc6 31. Qe3 Bd4 32. Bxd4 cxd4 33. Qd2 Qe5 34. Re1 Qf5 35.
Kh2 Qf3 36. Rg1 d3 37. Bc4 Qe2 38. Rd1 Qxd2 39. Rxd2 Rd4 40. cxd3 Kf8 41. Rb2 Ke7 42. f4 Kd6 43. Kg1 Kc7 44. Kf2 Rd8 45. Ke3 Rd7 46. Rc2 Rd6 47. d4 Kd7 48. Rb2 Kc8 49. Rb6 Kc7 50.
Rb2 Bd5 51. Bd3 Rc6 52. f5 exf5 53. Bxf5 Rc3+ 54. Kf4 f6 55. Rc2 g5+ 56. hxg5 hxg5+ 57. Kg4 Rxc2 58. Bxc2 Kd6 59. Kf5 Ke7 60. Ba4 Be6+ 61. Kg6 Bd5 62. Bc2 Be6 63. Be4 Bc8 64. Bf3 g4 65.
Be4 b5 66. axb6 a5 67. b7 Bxb7 68. Bxb7 Kd6 69. Be4 a4 70. Bc2 a3 71. Bb3 f5 72.
Kxf5 Ke7 73. Kxg4 Kf6 74. Kf4 1-0

[Event "Early-Titled-Tuesday-Blitz-January-30-2024"]
[Site "Chess.com"]
[Date "2024.01.30"]
[Round "6"]
[White "Luklei18"]
[Black "PetrolulSah"]
[Result "0-1"]
[WhiteElo "2419"]
[BlackElo "2222"]
[TimeControl "180+1"]
[EndTime "9:10:13 PST"]
[Termination "PetrolulSah won by checkmate"]

1. d4 d5 2. Nc3 Nf6 3. Bf4 c6 4. e3 g6 5. h3 Bg7 6. Nf3 O-O 7. Be2 Bf5 8. O-O Ne4 9. Qe1 Qa5 10. Nxe4 Qxe1 11. Nxe1 Bxe4 12. c4 dxc4 13. Bxc4 Bd5 14. Be2 f5 15. Nd3 Nd7 16. Rfc1 Rfe8 17. Nc5 Nxc5 18.
Rxc5 e5 19. dxe5 Bxe5 20. Bxe5 Rxe5 21. Bf3 Rae8 22. Bxd5+ cxd5 23. Rd1 Kf7 24. Rdxd5 Rxd5 25. Rxd5 Ke6 26. Rd2 Rc8 27. Kf1 Rc1+ 28. Ke2 h5 29. h4 b5 30. Kf3 Ke5 31. Rd3 Rc2 32. Rb3 a6 33. Rb4 Rd2 34. a3 Rc2 35. b3 Kd5 36. a4 Kc5 37. Rd4 b4 38. Rd8 Rb2 39. Rc8+ Kd5 40. Rc4 a5 41. Rd4+ Ke5 42. Rd3 Rc2 43.
Rd8 Rc3 44. Ra8 Rxb3 45. Rxa5+ Kf6 46. Kf4 Rb2 47. Ra6+ Kf7 48. Ke5 Rxf2 49. Ra7+ Ke8 50. g3 Rf3 51. Kf6 Rxg3 52. Rb7 Rxe3 53. Rxb4 Rg3 54.
Rb8+ Kd7 55. a5 Kc7 56. Rg8 Kb7 57. Rxg6 Rxg6+ 58. Kxg6 f4 59. Kxh5 f3 60. Kg4 f2 61.
h5 f1=Q 62. h6 Qd1+ 63. Kg5 Qg1+ 64. Kf6 Qh1 65. Kg7 Qg2+ 66. Kh8 Qh3 67. h7 Qd7 68. Kg8 Qe8+ 69. Kg7 Qe7+ 70. Kg8 Qe6+ 71. Kg7 Qg4+ 72.
Kf8 Qf5+ 73. Kg7 Qg5+ 74. Kf7 Qh6 75. a6+ Ka8 76. Kg8 Qg6+ 77. Kh8 Qf7 78. a7 Qf8# 0-1

[Event "Early-Titled-Tuesday-Blitz-January-30-2024"]
[Site "Chess.com"]
[Date "2024.01.30"]
[Round "6"]
[White "Nouali_Mohamed"]
[Black "mertfelin"]
[Result "0-1"]
[WhiteElo "2494"]
[BlackElo "2274"]
[TimeControl "180+1"]
[EndTime "9:10:16 PST"]
[Termination "mertfelin won on time"]

1. e4 e5 2. Bc4 Nf6 3. Nc3 Bc5 4. d3 c6 5. Nf3 d6 6. a4 Bb6 7. h3 Nbd7 8. Qe2 O-O 9. Bg5 Re8 10. Ba2 Nf8 11.
g4 Be6 12. Nh4 Bxa2 13. Rxa2 Ne6 14. Bxf6 Qxf6 15. Nf5 d5 16. exd5 Nd4 17. Nxd4 exd4 18. Ne4 Qe7 19. d6 Qe6 20. b3 Ba5+ 21. Kf1 Qd5 22. f3 f5 23. gxf5 Qxf5 24. Qg2 Rf8 25. Ke2 Rae8 26. Raa1 Bb4 27. Qg4 Qf7 28. d7 Re7 29. Rag1 Rxd7 30. Rg3 Re7 31. Rhg1 Qd5 32. h4 Bd6 33. R3g2 Bf4 34. Qh3 Qc5 35. Kd1 Qa3 36.
Rg4 Be3 37. Rxg7+ Rxg7 38. Qe6+ Kh8 39. Rxg7 Qc1+ 40. Ke2 Qxc2+ 41. Ke1 Kxg7 42. Qe5+ Kg8 43. Qe6+ Rf7 44. Qe8+ Kg7 45. Qe5+ Kf8 46. Qh8+ Ke7 47. Qe5+ Kd8 48. Qd6+ Rd7 49. Qb8+ Ke7 50. Qe5+ Kf8 51. Qh8+ Kf7 52. Qxh7+ Ke6 53. Qg6+ Ke7 54. Qg7+ Kd8 55.
Qh8+ Kc7 56. Qe5+ Kb6 57. a5+ Ka6 58. Nc5+ Kxa5 59. Nxd7+ Kb4 60. Qd6+ Kxb3 61. Nc5+ Ka2 62. Qe6+ Ka3 63. Ne4 Qb1+ 64. Ke2 Qc2+ 65. Ke1 Qxd3 66.
h5 Qb1+ 67. Ke2 Qb2+ 68. Ke1 d3 0-1

[Event "Early-Titled-Tuesday-Blitz-January-30-2024"]
[Site "Chess.com"]
[Date "2024.01.30"]
[Round "6"]
[White "NM_Antelacus"]
[Black "Balla_Tamas"]
[Result "0-1"]
[WhiteElo "2238"]
[BlackElo "2416"]
[TimeControl "180+1"]
[EndTime "9:10:16 PST"]
[Termination "Balla_Tamas won on time"]

1. e4 c5 2. Nf3 Nc6 3. Bb5 Nf6 4.
d3 Qa5+ 5. Nc3 Nd4 6. Bc4 b5 7. Bb3 Nxb3 8. cxb3 e6 9. O-O d6 10. Bg5 Be7 11. d4 O-O 12. e5 dxe5 13. dxe5 Nd5 14. Nxd5 Bxg5 15. Nxg5 exd5 16. Qxd5 Bf5 17. Qxc5 Rac8 18. Qe3 h6 19. Nf3 a6 20. Nd4 Bg6 21.
a3 Qb6 22. Rfd1 Rfd8 23. b4 Kh7 24. h3 Rd5 25. Nf3 Qb7 26. Rxd5 Qxd5 27. Re1 Re8 28. Qd4 Qb3 29. Qc3 Qd5 30. Nh4 Bd3 31. Re3 Rd8 32. Nf3 Bc4 33. Qc2+ Kg8 34. Qf5 Qd1+ 35. Re1 Qd5 36.
Qf4 Qb7 37. Nh4 Be6 38. Nf5 Qd7 39. Nd6 Qc6 40. Qg3 Qd5 41. Qf3 Qd2 42. Qe2 Qd5 43.
Kh1 Bxh3 44. f4 Bd7 45. Kh2 Bc6 46. Qg4 Rxd6 47. exd6 Qxd6 48. Qc8+ Kh7 49. Qf5+ Kg8 50. Qe5 Qg6 51. Re2 Qg4 52. Qe3 Qh4+ 53. Kg1 Bd5 54. Rf2 Qg4 55. Qe2 Qh4 56. Qe5 Be6 57. f5 Bc4 58. Qf4 Qh5 59. f6 Qd1+ 60. Kh2 Qh5+ 61.
Kg3 g5 62. Qg4 Qg6 63. Kh2 h5 64. Qf5 Qh6 65. Rf3 g4 66. Rf4 Be6 67. Qe5 Kh7 68.
Qe4+ Kg8 69. Qe5 h4 70. Rd4 g3+ 71. Qxg3+ hxg3+ 72. Kxg3 Qxf6 73. Rf4 Qxb2 74. Kh4 Qxa3 75. Kg5 a5 76. Kf6 Qc3+ 77. Ke7 axb4 0-1

[Event "Early-Titled-Tuesday-Blitz-January-30-2024"]
[Site "Chess.com"]
[Date "2024.01.30"]
[Round "6"]
[White "PavelShkapenko"]
[Black "AlmasRakhmatullaev"]
[Result "0-1"]
[WhiteElo "2763"]
[BlackElo "2956"]
[TimeControl "180+1"]
[EndTime "9:10:18 PST"]
[Termination "AlmasRakhmatullaev won by resignation"]

1. e4 e5 2. Nf3 Nf6 3. Nc3 Nc6 4. d4 Bb4 5. Nxe5 Qe7 6. Qd3 Nxd4 7. Qxd4 Bc5 8. Qd3 Qxe5 9. Be3 Bxe3 10. Qxe3 d6 11. O-O-O Bd7 12. f4 Qa5 13. Be2 O-O-O 14. Qd4 Rhe8 15. Bf3 Bc6 16. Rhe1 h5 17. Kb1 h4 18. g4 hxg3 19. hxg3 Rd7 20. g4 Rde7 21. g5 Nd7 22. Qxg7 f6 23. Qh6 fxg5 24. Qxg5 Qxg5 25. fxg5 Ne5 26. Be2 Rg8 27. Nd5 Bxd5 28. exd5 Rxg5 29.
Rg1 Rxg1 30. Rxg1 c6 31. dxc6 bxc6 32. Rd1 Kc7 33. b3 Nd7 34. Bd3 Nb6 35. Kb2 a5 36. a4 Nd5 37. Rh1 Kb6 38. Rh8 Nb4 39. Rh2 Re3 40. Bf1 Re1 41. Be2 Rg1 42. Bd3 Rg3 43.
Rd2 Re3 44. Bf1 Kc7 45. Bg2 Rg3 46. Bf1 Nd5 47. Bc4 Ne3 48. Bd3 d5 49. Rh2 Kd6 50. Rh8 c5 51. Ra8 c4 52. bxc4 dxc4 53. Rxa5 cxd3 54.
cxd3 Nd5 55. Kc2 Nb4+ 56. Kc3 Nxd3 57. Kd4 Nb4 58. Rb5 Nc6+ 59. Ke4 Rg4+ 60. Kd3 Rxa4 61. Rh5 Ne5+ 62. Kc3 Kd5 63. Rg5 Ra3+ 64. Kc2 Re3 65. Rg8 Nc6 66. Rg5+ Kc4 67. Kd2 Rd3+ 68. Ke2 Nd4+ 69.
Kf2 Rd2+ 70. Ke3 Re2+ 71. Kf4 Ne6+ 72. Kf3 Re1 73. Rg4+ Kd3 74. Ra4 Nd4+ 75. Kf4 Re4+ 76. Kg5 Nf3+ 0-1

[Event "Early-Titled-Tuesday-Blitz-January-30-2024"]
[Site "Chess.com"]
[Date "2024.01.30"]
[Round "6"]
[White "maximnovik"]
[Black "SirGerhard"]
[Result "1-0"]
[WhiteElo "2604"]
[BlackElo "2745"]
[TimeControl "180+1"]
[EndTime "9:10:19 PST"]
[Termination "maximnovik won by checkmate"]

1. e4 c5 2. Nf3 d6 3. d4 cxd4 4. Nxd4 Nf6 5. Nc3 a6 6. a4 Nc6 7. Nxc6 bxc6 8. a5 e5 9. Bc4 Be7 10. O-O O-O 11. Be3 Be6 12. Bxe6 fxe6 13. Qd3 d5 14.
Bb6 Qe8 15. Qh3 Bb4 16. Na2 Bd6 17. f3 dxe4 18. fxe4 Nxe4 19. Rxf8+ Bxf8 20. Qe3 Qg6 21. Re1 Ng5 22. Nc3 Qxc2 23. Qxg5 Qxb2 24. Qxe5 h6 25. Qxe6+ Kh8 26. Ne4 Bb4 27. Rf1 Rg8 28. h3 Qc2 29. Nd6 c5 30. Nf7+ Kh7 31. Ne5 Qe4 32. Rf4 Qb1+ 33. Kh2 Bd2 34. Rf3 Qe4 35. Qf5+ Qxf5 36.
Rxf5 Re8 37. Nc4 Bc3 38. Bxc5 Re2 39. Nb6 g5 40. Nd5 Be5+ 41. Kg1 Bg3 42. Ne3 Bf4 43. Nf1 Rc2 44. Bb6 Kg6 45. Rd5 h5 46. g3 Bc1 47.
Be3 Bxe3+ 48. Nxe3 Rc3 49. Kf2 Ra3 50. Kf3 g4+ 51.
hxg4 hxg4+ 52. Kf4 Ra4+ 53. Ke5 Ra3 54. Ke4 Ra4+ 55. Rd4 Rxa5 56. Nxg4 Rg5 57. Kf4 Rf5+ 58. Ke3 Rg5 59. Kf3 Rf5+ 60. Rf4 Ra5 61. Re4 Ra3+ 62. Kf4 a5 63. Ne5+ Kg7 64. Nc4 Ra1 65. Re5 a4 66. Ra5 Kg6 67. Ne5+ Kg7 68. g4 a3 69. Kg5 Re1 70. Ra7+ Kg8 71. Ng6 Re3 72. Kh6 Rh3+ 73. Kg5 Rf3 74. Kh5 Rh3+ 75. Nh4 Rf3 76.
g5 Rg3 77. g6 Kf8 78. Nf5 Rg1 79. Ra8# 1-0

[Event "Early-Titled-Tuesday-Blitz-January-30-2024"]
[Site "Chess.com"]
[Date "2024.01.30"]
[Round "6"]
[White "whitemirrorninja"]
[Black "EdmundPlayer"]
[Result "0-1"]
[WhiteElo "2479"]
[BlackElo "2292"]
[TimeControl "180+1"]
[EndTime "9:10:22 PST"]
[Termination "EdmundPlayer won by checkmate"]

1. e4 c6 2. d3 e5 3. Nf3 Nf6 4. g3 d5 5. exd5 Qxd5 6. Bg2 Bg4 7. h3 Bxf3 8. Qxf3 Nbd7 9. Qxd5 Nxd5 10. O-O Nb4 11.
Na3 Bc5 12. Rd1 O-O 13. c3 Nd5 14. Nc2 Rfe8 15. Bd2 a5 16. Re1 a4 17. a3 Bb6 18.
c4 Nc7 19. Bc3 f6 20. Rad1 Ne6 21. Re2 Rad8 22. Bf1 Nd4 23. Bxd4 Bxd4 24. Nxd4 exd4 25. Rde1 Kf7 26. Kg2 Nc5 27. Rxe8 Rxe8 28. Rd1 Ke6 29. h4 Kd6 30. Kf3 h6 31. Kg4 Re5 32. Rd2 Re1 33. Be2 Nb3 34. Rc2 Na1 35. Rd2 Nb3 36. Rc2 Nc1 37. Kf3 Ke5 38. Rd2 h5 39. Bd1 Kf5 40. Bxa4 Na2 41. Bb3 Nc1 42. Rd1 Rxd1 43. Bxd1 Ke5 44. Bc2 Na2 45. Kg2 Kf5 46. Kf1 Kg4 47.
Kg2 Nc1 48. f3+ Kf5 49. Kf2 Na2 50. Ke1 g5 51. hxg5 fxg5 52. Kd2 h4 53. gxh4 gxh4 54.
Ke2 h3 55. Kf2 Kf4 56. Bb3 Nc1 57. Ba4 Nxd3+ 58. Kg1 Nxb2 59. Bb3 Kxf3 60. c5 d3 61. Kh2 d2 62. Kxh3 d1=Q 63. Bxd1+ Nxd1 64. Kh4 Nc3 65. Kg5 Ke4 66. Kf6 Kd5 67. Ke7 Kxc5 68. Kd7 Na4 69. Kc7 b5 70. Kb7 Nc3 71. Ka6 Nb1 72.
a4 bxa4 73. Ka5 a3 74. Ka4 a2 75. Kb3 a1=Q 76. Kc2 Na3+ 77. Kb3 Qb1+ 78. Kc3 Qb4+ 79. Kd3 Qc4+ 80. Kd2 Qd4+ 81. Kc1 Qf2 82. Kd1 Qc2+ 83.
Ke1 Nc4 84. Kf1 Qd2 85. Kg1 Ne3 86. Kh1 Qg2# 0-1

[Event "Early-Titled-Tuesday-Blitz-January-30-2024"]
[Site "Chess.com"]
[Date "2024.01.30"]
[Round "6"]
[White "FLYD"]
[Black "Kostukov_Alex"]
[Result "1/2-1/2"]
[WhiteElo "2051"]
[BlackElo "2302"]
[TimeControl "180+1"]
[EndTime "9:10:25 PST"]
[Termination "Game drawn by agreement"]

1. e4 c5 2. Nf3 g6 3. d4 cxd4 4. Nxd4 Bg7 5. Nc3 Nc6 6. Be3 Nf6 7. Nxc6 bxc6 8. e5 Ng8 9. Bd4 f6 10. f4 fxe5 11. fxe5 Qa5 12. e6 Nf6 13. exd7+ Bxd7 14. Bc4 Rd8 15. Qe2 Bg4 16. Qe3 Qb4 17. O-O Qxc4 18. Bxf6 Bxf6 19. Rxf6 c5 20. Re1 Qd4 21. Rf4 Qxe3+ 22.
Rxe3 Bf5 23. g4 Bxc2 24. Re1 Rf8 25. Rxf8+ Kxf8 26. Nb5 Rd2 27. Nxa7 Bd3 28. Nc6 Rxb2 29. Nxe7 c4 30. Nd5 Rxa2 31. Nb4 Rb2 32. Nxd3 cxd3 33.
Rd1 Rb3 34. Kf2 Kf7 35. Ke3 Rb2 36. Rxd3 Rxh2 37. Kf4 Re2 38. g5 Re7 39. Kg4 Kg7 40.
Rf3 Re4+ 41. Kg3 h5 42. gxh6+ Kxh6 43. Kg2 g5 44. Kg1 Kh5 45. Ra3 Re2 46. Ra4 Rb2 47. Ra5 Kg4 48. Ra4+ Kh3 49. Ra3+ Kh4 50. Ra4+ g4 51.
Ra3 Rc2 52. Ra4 Kh3 53. Ra3+ g3 54. Ra1 Rg2+ 55. Kh1 Rc2 56. Kg1 Rc5 57. Re1 Rf5 58.
Rd1 Rf2 59. Rc1 Rh2 60. Rc3 Re2 61. Rc1 Re3 62. Rd1 Kg4 63. Ra1 Kf3 64. Rc1 Rd3 65.
Rb1 Re3 66. Rf1+ Kg4 67. Rb1 Re2 68. Rb4+ Kh3 69. Rb1 Rh2 70. Rb3 Rc2 71. Rb1 Rc3 72. Rd1 Rf3 73. Rb1 g2 74. Rc1 Re3 75. Rb1 Rd3 76.
Rc1 Ra3 77. Rd1 Rf3 78. Rc1 Kg3 79. Rb1 Kf4 80. Rb4+ Ke3 81. Rb3+ Ke2 82. Rb2+ Ke3 83. Rxg2 Ke4 84. Kh2 1/2-1/2

[Event "Early-Titled-Tuesday-Blitz-January-30-2024"]
[Site "Chess.com"]
[Date "2024.01.30"]
[Round "6"]
[White "snowlord"]
[Black "xakevicius91"]
[Result "1-0"]
[WhiteElo "2856"]
[BlackElo "2577"]
[TimeControl "180+1"]
[EndTime "9:10:29 PST"]
[Termination "snowlord won by resignation"]

1. g3 Nf6 2. Bg2 e6 3. e4 d5 4. e5 Nfd7 5. f4 c5 6. Nf3 Nc6 7. d3 Be7 8. c4 Nb6 9. Qe2 dxc4 10. dxc4 Nd4 11. Nxd4 Qxd4 12. Na3 a6 13. Be3 Qd7 14. O-O Qc7 15. Qg4 g6 16. Be4 Bd7 17. Qf3 Rb8 18. Rad1 Bc6 19. Bxc6+ bxc6 20. Bd2 Nd7 21. b3 O-O 22.
Nb1 f5 23. exf6 Bxf6 24. Qg4 Bd4+ 25. Kg2 Rbe8 26. Nc3 Nf6 27. Qf3 e5 28. fxe5 Nd7 29. Qe4 Rxe5 30. Rxf8+ Nxf8 31. Qf3 Rf5 32. Bf4 Qe7 33.
Ne2 Ne6 34. Qg4 Nxf4+ 35. Nxf4 Qe4+ 36. Qf3 Qxf3+ 37. Kxf3 g5 38. Kg4 Re5 39. Nd3 Re2 40.
b4 cxb4 41. Nxb4 c5 42. Nc6 Rxa2 43. Nxd4 cxd4 44. Rxd4 Rxh2 45. Rd7 Rc2 46. Rc7 h6 47. Kh5 Rc3 48. g4 a5 49. Kg6 Kf8 50. Kxh6 a4 51.
Kxg5 a3 52. Ra7 Rxc4 53. Rxa3 Rc6 54. Ra7 Kg8 55. Re7 Rb6 56. Kf5 Rc6 57. Re6 Rc1 58. Kg6 Kf8 59. g5 Rg1 60. Ra6 Rg2 61. Ra7 Rg1 62. Rb7 Rg2 63. Rb8+ Ke7 64. Rg8 Rg1 65.
Kh6 Kf7 66. Rg7+ Kf8 67. Ra7 Rg2 68. Rb7 Rg1 69. Rc7 Rg2 70. Kg6 Rg1 71. Rd7 Rg2 72. Rf7+ Ke8 73. Rf3 Rg1 74. Kh6 Ke7 75. g6 Rh1+ 76. Kg7 Rg1 77. Kh7 Rh1+ 78. Kg8 Rg1 79. g7 Rg2 80. Rh3 Rg1 81. Kh8 Kf7 82. Rf3+ Ke7 83.
g8=Q Rxg8+ 84. Kxg8 1-0

[Event "Early-Titled-Tuesday-Blitz-January-30-2024"]
[Site "Chess.com"]
[Date "2024.01.30"]
[Round "6"]
[White "hsd2016"]
[Black "SahibSinghKnight"]
[Result "0-1"]
[WhiteElo "2321"]
[BlackElo "2660"]
[TimeControl "180+1"]
[EndTime "9:10:29 PST"]
[Termination "SahibSinghKnight won by resignation"]

1. e4 e6 2. d4 d5 3. Nd2 c5 4. Ngf3 cxd4 5. Nxd4 Nc6 6. Bb5 Bd7 7. Nxc6 bxc6 8. Bd3 Qc7 9. Qe2 Bd6 10. O-O Bxh2+ 11.
Kh1 Bd6 12. c4 Ne7 13. exd5 cxd5 14. cxd5 Nxd5 15. Ne4 Bf4 16. Rd1 O-O 17. Bc4 Bxc1 18. Raxc1 Qf4 19. Bxd5 exd5 20. Ng3 Bg4 21. f3 Qxg3 22.
fxg4 Rfe8 23. Qf3 Qh4+ 24. Kg1 d4 25. Rxd4 Rab8 26. b3 Qg5 27. Rcd1 Qa5 28. a4 Qb6 29. Kh1 Qxb3 30. Qxb3 Rxb3 31. Rd8 Kf8 32. R8d7 a6 33.
R7d6 Rb4 34. Rxa6 Rxg4 35. Rad6 Rxa4 36. Rd7 Rh4+ 37. Kg1 Rf4 38. R1d3 Rf6 39. Rg3 h6 40.
Rh3 g5 41. Rhd3 Kg7 42. g3 Kg6 43. Kg2 Re2+ 44. Kh3 h5 45. Rd2 Rxd2 46. Rxd2 Re6 47. Kg2 f6 48. Kf3 Re5 49. Rd3 Kf5 50. Rd7 g4+ 51.
Kf2 Ra5 52. Rh7 Ke4 53. Re7+ Re5 54. Ra7 Rf5+ 55. Kg2 Rd5 56. Ra4+ Ke3 57. Ra6 Rd2+ 58. Kf1 Rf2+ 59. Kg1 Rf3 60. Ra3+ Ke2 61. Ra2+ Kd1 62.
Kg2 Ke1 63. Ra1+ Ke2 64. Ra2+ Ke3 65. Ra3+ Ke4 66. Ra4+ Kf5 67. Ra5+ Kg6 68. Rb5 f5 69. Rb6+ Kg5 70. Rb5 h4 71. gxh4+ Kxh4 72. Rd5 f4 73.
Rf5 Rg3+ 74. Kf2 f3 75. Rf8 Rg2+ 76. Kf1 Kg3 77. Rb8 Rh2 78. Kg1 f2+ 79. Kf1 Rh1+ 80. Ke2 f1=Q+ 0-1